[Event "January 2 Late 2024"]
[Site "https://www.chess.com"]
[Date "2024.01.02"]
[Round "2"]
[White "Martinez Ramirez, Lennis"]
[Black "Bryant, Todd"]
[Result "1-0"]
[Board "103"]
[TimeControl "180+1"]
[WhiteFideId "3509079"]
[BlackFideId "2031299"]
[WhiteElo "2702"]
[BlackElo "2275"]
[WhiteTeam "CUB"]
[BlackTeam "USA"]
[WhiteClock "0:01:21"]
[BlackClock "0:00:18"]

1. d4 Nf6 2. Nf3 g6 3. Nc3 d5 4. Bf4 Bg7 5. Nb5 Na6 6. e3 O-O 7. c3 c6 8. Na3 Ne4 9. h3 f6 10. Bh2 e5 11. Be2 Re8 12. O-O f5 13. Bxe5 Bxe5 14. Nxe5 Nc7 15. f4 Ne6 16. Bf3 Nf8 17. Nc2 Nd7 18. Bxe4 fxe4 19. b4 Nxe5 20. dxe5 h5 21. Nd4 Qh4 22. Qe1 Qe7 23. Qg3 Kh7 24. f5 Qg7 25. f6 Qh6 26. f7 Rf8 27. e6 Qg7 28. e7 Bd7 1-0

[Event "January 2 Late 2024"]
[Site "https://www.chess.com"]
[Date "2024.01.02"]
[Round "2"]
[White "Perry, Patrick"]
[Black "Nazari, Arad"]
[Result "0-1"]
[Board "104"]
[TimeControl "180+1"]
[WhiteFideId "30917727"]
[BlackFideId "12577324"]
[WhiteElo "2237"]
[BlackElo "2700"]
[WhiteTeam "USA"]
[BlackTeam "IRI"]
[WhiteClock "0:01:37"]
[BlackClock "0:01:52"]

1. e4 c5 2. d4 cxd4 3. Nf3 e5 4. c3 Nc6 5. cxd4 exd4 6. Nxd4 Nf6 7. Nxc6 bxc6 8. Nc3 Bb4 9. Bd3 d5 10. exd5 Qe7+ 11. Qe2 Nxd5 12. Qxe7+ Kxe7 13. Bd2 Bxc3 14. bxc3 Rd8 15. O-O Nf4 16. Bxf4 Rxd3 17. Rfe1+ Be6 18. Re3 Rad8 19. h3 Rd1+ 20. Rxd1 Rxd1+ 21. Kh2 Ra1 22. Re2 Rxa2 23. Rxa2 Bxa2 24. Kg3 a5 25. Bc7 a4 26. Ba5 c5 27. c4 Bxc4 28. Bc3 f6 29. Kf4 Bf1 30. Kf3 Ke6 31. h4 Kd5 32. Ke3 Kc4 33. Kd2 Bxg2 34. h5 Bf3 35. h6 gxh6 36. Bxf6 h5 37. Ke3 Bd5 38. f4 a3 0-1

[Event "January 2 Late 2024"]
[Site "https://www.chess.com"]
[Date "2024.01.02"]
[Round "2"]
[White "Vifleemskaia, Svetlana"]
[Black "Khatoev, Eduard"]
[Result "0-1"]
[Board "105"]
[TimeControl "180+1"]
[WhiteFideId "4129490"]
[BlackFideId "24145076"]
[WhiteElo "2234"]
[BlackElo "2693"]
[WhiteTeam "RUS"]
[BlackTeam "RUS"]
[WhiteClock "0:00:00"]
[BlackClock "0:01:45"]

1. d4 c5 2. d5 Nf6 3. Nc3 d6 4. e4 Qa5 5. Bb5+ Nbd7 6. Bd2 a6 7. Bxd7+ Bxd7 8. a4 Qb6 9. a5 Qb4 10. f3 Qxb2 11. Rb1 Qa3 12. Rxb7 Bc8 13. Rb3 Qxa5 14. Nge2 Qc7 15. O-O Rb8 16. Qb1 Rxb3 17. Qxb3 g6 18. Rb1 Bg7 19. Qb8 Qxb8 20. Rxb8 Kd7 21. Na4 Ne8 22. Nb6+ Kc7 23. Rxc8+ Kxb6 24. Bc3 Bxc3 25. Nxc3 Rg8 26. Kf1 Nf6 27. Rc6+ Kb7 28. Ke2 Nd7 29. Na4 Rc8 0-1

[Event "January 2 Late 2024"]
[Site "https://www.chess.com"]
[Date "2024.01.02"]
[Round "2"]
[White "Jose Iraeta, Alejandro"]
[Black "Aarav Dengla"]
[Result "0-1"]
[Board "106"]
[TimeControl "180+1"]
[WhiteFideId "2226537"]
[BlackFideId "45059756"]
[WhiteElo "2224"]
[BlackElo "2690"]
[WhiteTeam "ESP"]
[BlackTeam "IND"]
[WhiteClock "0:00:55"]
[BlackClock "0:01:38"]

1. e4 c5 2. Nf3 d6 3. d4 cxd4 4. Nxd4 Nf6 5. Nc3 a6 6. Bc4 e6 7. O-O Be7 8. Re1 O-O 9. f3 Qc7 10. Bb3 Nc6 11. Be3 e5 12. Nde2 Be6 13. Bg5 Rac8 14. Qd2 b5 15. Rad1 Ne8 16. Bxe7 Qxe7 17. Bd5 Nb4 18. Bxe6 fxe6 19. a3 Nc6 20. Nc1 Nd4 21. Nb3 Nc6 22. Qe3 Qb7 23. Na2 a5 24. Nbc1 Nd4 25. Nc3 Nxc2 26. Qd2 Nxe1 27. Rxe1 b4 28. axb4 axb4 29. Na4 Qa7+ 0-1

[Event "January 2 Late 2024"]
[Site "https://www.chess.com"]
[Date "2024.01.02"]
[Round "2"]
[White "Tanriverdi, Enes"]
[Black "uzkuzk"]
[Result "1-0"]
[Board "107"]
[TimeControl "180+1"]
[WhiteFideId "34543279"]
[WhiteElo "2685"]
[BlackElo "2201"]
[WhiteTeam "TUR"]
[WhiteClock "0:00:14"]
[BlackClock "0:00:12"]

1. Nf3 d5 2. d4 Nf6 3. c4 e6 4. Nc3 c6 5. e3 Be7 6. Bd3 Nbd7 7. O-O O-O 8. e4 dxe4 9. Nxe4 Nxe4 10. Bxe4 Nf6 11. Bc2 b6 12. Qe2 Bb7 13. Rd1 Qc7 14. Bg5 h6 15. Bh4 c5 16. Bg3 Bd6 17. Ne5 cxd4 18. Rxd4 Rad8 19. Rad1 Bc5 20. Nxf7 Qc6 21. Be4 Nxe4 22. Nxh6+ gxh6 23. Rxd8 Nxg3 24. Qg4+ Kf7 25. Qxg3 Rxd8 26. Rxd8 Ke7 27. Rd1 e5 28. Qxe5+ Qe6 29. Qc7+ Kf6 30. Qxb7 Qf5 31. Qf3 Qxf3 32. gxf3 Kf5 33. Kg2 Kf4 34. Rd5 a5 35. b3 h5 36. Rxh5 a4 37. Rxc5 bxc5 38. bxa4 Kf5 39. a5 Ke5 40. a6 Kd6 41. a7 Kc7 42. a8=Q Kd6 43. Qd5+ Ke7 44. Qxc5+ Kf6 45. Qd5 Kg6 46. c5 Kf6 47. c6 Kg6 48. c7 Kf6 49. c8=Q Ke7 50. Qce6+ Kf8 51. Qdf5+ Kg7 52. Qfg6+ Kh8 53. Qee8# 1-0

[Event "January 2 Late 2024"]
[Site "https://www.chess.com"]
[Date "2024.01.02"]
[Round "2"]
[White "Tagliati, Eleonore"]
[Black "Rosen, Eric"]
[Result "1/2-1/2"]
[Board "108"]
[TimeControl "180+1"]
[WhiteFideId "45172234"]
[BlackFideId "2032562"]
[WhiteElo "2195"]
[BlackElo "2682"]
[WhiteTeam "FRA"]
[BlackTeam "USA"]
[WhiteClock "0:01:02"]
[BlackClock "0:00:08"]

1. e4 e5 2. Nf3 Nf6 3. d4 exd4 4. e5 Ne4 5. Qxd4 d5 6. exd6 Nxd6 7. Bd3 Nc6 8. Qf4 Be7 9. Nc3 Be6 10. Be3 O-O 11. O-O-O Qc8 12. Nd4 Nxd4 13. Bxd4 Bf5 14. h4 Bxd3 15. Rxd3 Qf5 16. Be5 Qxf4+ 17. Bxf4 Rac8 18. Nd5 Rfe8 19. g3 Kf8 20. Re1 Bd8 21. Rxe8+ Nxe8 22. c4 Be7 23. Nxe7 Kxe7 24. Kc2 h5 25. Kc3 f6 26. b4 g6 27. Re3+ Kd7 28. Rd3+ Ke7 29. Re3+ Kf7 30. Rd3 Ke6 31. Re3+ Kf7 32. Rd3 Ke7 1/2-1/2

[Event "January 2 Late 2024"]
[Site "https://www.chess.com"]
[Date "2024.01.02"]
[Round "2"]
[White "Adewumi, Tanitoluwa"]
[Black "KSho99"]
[Result "1-0"]
[Board "109"]
[TimeControl "180+1"]
[WhiteFideId "30966396"]
[WhiteElo "2680"]
[BlackElo "2170"]
[WhiteTeam "USA"]
[WhiteClock "0:00:35"]
[BlackClock "0:00:00"]

1. e4 c6 2. d4 d5 3. Nc3 dxe4 4. Nxe4 Nf6 5. Ng3 h5 6. h3 h4 7. N3e2 c5 8. Nf3 Nc6 9. Be3 Bf5 10. Nf4 e6 11. c3 cxd4 12. Nxd4 Nxd4 13. Bxd4 a6 14. Qb3 Qc7 15. Qa4+ Qc6 16. Qxc6+ bxc6 17. O-O-O Be7 18. Be2 a5 19. Bf3 Rc8 20. Rhe1 O-O 21. g4 hxg3 22. fxg3 Nd5 23. Bxd5 cxd5 24. Nxd5 Bg5+ 25. Be3 exd5 26. Bxg5 Bxh3 27. Rxd5 a4 28. Rd4 Ra8 29. Bf4 a3 30. b3 Be6 31. c4 Rfd8 32. Red1 Rxd4 33. Rxd4 g6 34. Kd2 f6 35. Kc3 Kf7 36. b4 g5 37. Bd6 Kg6 38. b5 f5 39. Kb4 1-0

[Event "January 2 Late 2024"]
[Site "https://www.chess.com"]
[Date "2024.01.02"]
[Round "2"]
[White "Riff, Vincent"]
[Black "Clarke, Matthew"]
[Result "1-0"]
[Board "110"]
[TimeControl "180+1"]
[WhiteFideId "617776"]
[BlackFideId "3227804"]
[WhiteElo "2679"]
[BlackElo "2142"]
[WhiteTeam "FRA"]
[BlackTeam "AUS"]
[WhiteClock "0:00:47"]
[BlackClock "0:00:00"]

1. e4 e5 2. Nf3 Nc6 3. Bb5 Nf6 4. O-O Nxe4 5. d4 Nd6 6. dxe5 Nxb5 7. a4 Nbd4 8. Nxd4 Nxd4 9. Qxd4 d5 10. exd6 Qxd6 11. Qe4+ Qe6 12. Qd4 Qd6 13. Qc3 Be6 14. Na3 c6 15. Bg5 Qc5 16. Qg3 Bd6 17. Bf4 Bxf4 18. Qxf4 O-O-O 19. Rad1 Qh5 20. Rd4 Rd5 21. Rxd5 Bxd5 22. Qd4 Qg6 23. f3 Rd8 24. Qxa7 Be6 25. Qa8+ Kc7 26. Qa5+ Kc8 27. Qe1 Qg5 28. Nb1 Qc5+ 29. Qf2 Qb4 30. b3 Bf5 31. h4 Qf4 32. Re1 Qd6 33. Nc3 g6 34. Ne4 1-0

[Event "January 2 Late 2024"]
[Site "https://www.chess.com"]
[Date "2024.01.02"]
[Round "2"]
[White "Jing, Andrew"]
[Black "Palchuk, Andrii"]
[Result "1/2-1/2"]
[Board "111"]
[TimeControl "180+1"]
[WhiteFideId "30984076"]
[BlackFideId "14176688"]
[WhiteElo "2139"]
[BlackElo "2678"]
[WhiteTeam "USA"]
[BlackTeam "UKR"]
[WhiteClock "0:01:04"]
[BlackClock "0:00:22"]

1. d4 Nf6 2. c4 e6 3. g3 d5 4. Bg2 dxc4 5. Nf3 Bd7 6. Ne5 Bc6 7. Nxc6 Nxc6 8. e3 Qd7 9. Qa4 Nd5 10. Qxc4 h5 11. Nc3 Nb6 12. Qe2 h4 13. O-O hxg3 14. fxg3 O-O-O 15. a4 a6 16. a5 Nd5 17. Nxd5 exd5 18. Bd2 Kb8 19. Rac1 f5 20. Qf3 g6 21. Rb1 Na7 22. b4 Nb5 23. Rbc1 c6 24. Rf2 Nd6 25. Qe2 Qh7 26. Bf3 Nf7 27. Bh1 Bd6 28. Rc2 Bxg3 29. Rg2 Bc7 30. Be1 Nd6 31. Bg3 Ne4 32. Bxc7+ Qxc7 33. Rxg6 Rdg8 34. Rxg8+ Rxg8+ 35. Kf1 Qd6 36. Bxe4 fxe4 37. Rb2 Rf8+ 38. Ke1 Rf3 39. Kd2 Qh6 40. Rb1 Qf6 41. Kc3 Rf2 42. Qg4 Ka7 43. Re1 Rxh2 44. Qg3 Rh7 45. Rg1 Qh6 46. Qf2 Rf7 47. Qe2 Rf3 48. Re1 Qf6 49. Qh2 Qg5 50. Qe2 Qg3 51. Qd2 Rf2 52. Re2 Rxe2 53. Qxe2 Qg1 54. Qd2 Qb1 55. Qe2 Qc1+ 56. Kb3 Qb1+ 57. Kc3 Kb8 58. Qh2+ Ka7 59. Qe2 1/2-1/2

[Event "January 2 Late 2024"]
[Site "https://www.chess.com"]
[Date "2024.01.02"]
[Round "2"]
[White "Ghosh, Chanchal Kumer"]
[Black "Popilski, Gil"]
[Result "0-1"]
[Board "112"]
[TimeControl "180+1"]
[WhiteFideId "10201858"]
[BlackFideId "2809060"]
[WhiteElo "2109"]
[BlackElo "2677"]
[WhiteTeam "BAN"]
[BlackTeam "ISR"]
[WhiteClock "0:00:00"]
[BlackClock "0:00:10"]

1. e4 e5 2. Nf3 Nc6 3. Bc4 Nf6 4. O-O Nxe4 5. Bd5 Nf6 6. Bxc6 dxc6 7. Nxe5 Be7 8. Nc3 c5 9. Qf3 O-O 10. d3 c6 11. h3 Be6 12. Bg5 Re8 13. Rfe1 Nd5 14. Bxe7 Qxe7 15. Ne4 Nb4 16. Re2 Bd5 17. Ng4 Bxe4 18. dxe4 Rad8 19. Qg3 Kh8 20. e5 Qe6 21. f4 Qg6 22. Qf2 b6 23. f5 Qh5 24. f6 Re6 25. fxg7+ Kxg7 26. Rf1 Nd5 27. c4 Ne7 28. Nf6 Qg6 29. Re4 h5 30. Re3 Kf8 31. Rg3 Qh6 32. Qf3 h4 33. Nd7+ Ke8 34. Qxf7+ Kxd7 35. Rd3+ Kc8 36. Rxd8+ Kxd8 37. Rd1+ Kc7 38. Qe8 Kb7 39. Qd7+ Ka6 40. Rd3 Qc1+ 41. Kh2 Qf4+ 42. Kg1 Qxc4 43. Ra3+ Kb5 44. Rb3+ Ka6 45. Ra3+ Kb5 46. Qxa7 Qc1+ 47. Kh2 Qf4+ 48. Kg1 Qc1+ 49. Kh2 Qf4+ 50. Kg1 Qd4+ 51. Kh1 Qd1+ 52. Kh2 Kc4 53. Qa6+ b5 54. Rc3+ Kd5 55. Qb7 Qd4 56. Qd7+ Kxe5 57. Qc7+ Kd5 58. Qd7+ Rd6 59. Qxe7 Qe5+ 60. Qxe5+ Kxe5 61. Re3+ Kd4 62. Rf3 Rh6 0-1

[Event "January 2 Late 2024"]
[Site "https://www.chess.com"]
[Date "2024.01.02"]
[Round "2"]
[White "Hua, Lefong"]
[Black "Mangialardo, Tiago Carvalho"]
[Result "1-0"]
[Board "113"]
[TimeControl "180+1"]
[WhiteFideId "2602253"]
[BlackFideId "2130718"]
[WhiteElo "2676"]
[BlackElo "2058"]
[WhiteTeam "CAN"]
[BlackTeam "BRA"]
[WhiteClock "0:01:46"]
[BlackClock "0:00:00"]

1. d4 Nf6 2. c4 c5 3. d5 g6 4. Nc3 Bg7 5. e4 d6 6. f4 O-O 7. Nf3 e6 8. Be2 exd5 9. cxd5 b5 10. e5 dxe5 11. fxe5 Ng4 12. Bg5 Qb6 13. O-O Nxe5 14. d6 Bb7 15. Nd5 Bxd5 16. Qxd5 Nbd7 17. Be7 Rfe8 18. Nxe5 Nxe5 19. d7 Rf8 20. Bxc5 Qe6 21. Qxe6 fxe6 22. Bxf8 Bxf8 23. Bxb5 Rb8 24. Rad1 Be7 25. a4 1-0

[Event "January 2 Late 2024"]
[Site "https://www.chess.com"]
[Date "2024.01.02"]
[Round "2"]
[White "Karas, Marek"]
[Black "Brodsky, David"]
[Result "0-1"]
[Board "114"]
[TimeControl "180+1"]
[WhiteFideId "14928558"]
[BlackFideId "2073250"]
[WhiteElo "2465"]
[BlackElo "2895"]
[WhiteTeam "CZE"]
[BlackTeam "USA"]
[WhiteClock "0:00:06"]
[BlackClock "0:00:23"]

1. d4 a6 2. e4 c6 3. Nf3 d5 4. Nc3 Bg4 5. Be2 e6 6. O-O Nf6 7. Bg5 Be7 8. e5 Nfd7 9. Bxe7 Qxe7 10. h3 Bxf3 11. Bxf3 c5 12. Re1 O-O 13. dxc5 Nc6 14. Na4 Ndxe5 15. c3 Rad8 16. b4 d4 17. Bxc6 Nxc6 18. Qb3 Qf6 19. cxd4 Rxd4 20. a3 Rfd8 21. Rad1 Rd2 22. Rxd2 Rxd2 23. Qe3 Qd8 24. Nc3 Rd3 25. Qc1 Nd4 26. Kh1 h6 27. Rd1 Nf5 28. Kg1 Kh7 29. a4 Rxc3 30. Qxc3 Qxd1+ 31. Kh2 Qxa4 32. Qc4 Qc6 33. f3 Qd5 34. Qc3 Ne7 35. Qa3 Nc6 36. Qb2 Qe5+ 0-1

[Event "January 2 Late 2024"]
[Site "https://www.chess.com"]
[Date "2024.01.02"]
[Round "2"]
[White "Petre, Nad-Titus"]
[Black "Maksimovic, Bojan"]
[Result "1/2-1/2"]
[Board "115"]
[TimeControl "180+1"]
[WhiteFideId "1204165"]
[BlackFideId "14408120"]
[WhiteElo "2461"]
[BlackElo "2848"]
[WhiteTeam "ROU"]
[BlackTeam "BIH"]
[WhiteClock "0:00:26"]
[BlackClock "0:00:05"]

1. e4 c5 2. Be2 d5 3. exd5 Qxd5 4. Nf3 Nf6 5. O-O Nc6 6. Nc3 Qd7 7. Re1 e6 8. Bb5 Bd6 9. d4 cxd4 10. Nxd4 O-O 11. Bg5 Be7 12. Nxc6 bxc6 13. Bd3 Rb8 14. Na4 Rd8 15. Qe2 c5 16. b3 Bb7 17. Rad1 Qc6 18. f3 h6 19. Bf4 Rbc8 20. Bb5 Nd5 21. Bg3 Ba6 22. Bxa6 c4 23. Bxc8 Rxc8 24. Rxd5 Qxd5 25. Bf2 a6 26. Rd1 Qc6 27. Qe4 Qxe4 28. fxe4 cxb3 29. cxb3 Rc2 30. h4 Rxa2 31. Bc5 Bxh4 32. Rd3 Bf6 33. Kh2 Be5+ 34. Kh3 g5 35. Rd8+ Kh7 36. Bd4 Rd2 37. Bb6 Re2 38. Nc5 h5 39. Nd3 Bc3 40. g4 h4 41. Bd4 Bxd4 42. Rxd4 Re3+ 43. Kg2 Kg7 44. Kf2 Rg3 45. Ne5 Kf6 46. Nd7+ Ke7 47. Ne5 f6 48. Nc6+ Ke8 49. Rd8+ Kf7 50. Rd7+ Kf8 51. Rd8+ Kf7 52. Rd7+ Kg6 53. Ne7+ Kh6 54. Ng8+ Kg6 55. Ne7+ Kh6 56. Ng8+ Kg6 57. Ne7+ 1/2-1/2

[Event "January 2 Late 2024"]
[Site "https://www.chess.com"]
[Date "2024.01.02"]
[Round "2"]
[White "Gurevich, Dmitry"]
[Black "Lobanov, Sergei"]
[Result "0-1"]
[Board "116"]
[TimeControl "180+1"]
[WhiteFideId "2000407"]
[BlackFideId "24183750"]
[WhiteElo "2419"]
[BlackElo "2843"]
[WhiteTeam "USA"]
[BlackTeam "FID"]
[WhiteClock "0:00:18"]
[BlackClock "0:00:22"]

1. d4 Nf6 2. c4 e6 3. Nc3 Bb4 4. a3 Bxc3+ 5. bxc3 O-O 6. e3 b6 7. Bd3 c5 8. Ne2 Nc6 9. O-O d6 10. e4 e5 11. f3 Ne8 12. Be3 Nc7 13. d5 Na5 14. Ng3 Ba6 15. Qe2 g6 16. f4 f6 17. fxe5 dxe5 18. Rf2 Ne8 19. Raf1 Qe7 20. Bh6 Rf7 21. Bg5 Rd8 22. h4 Qf8 23. h5 Rdd7 24. hxg6 hxg6 25. Qg4 Bc8 26. Bxf6 Rxf6 27. Nh5 Rxf2 28. Rxf2 Qxf2+ 29. Kxf2 Rf7+ 0-1

[Event "January 2 Late 2024"]
[Site "https://www.chess.com"]
[Date "2024.01.02"]
[Round "2"]
[White "Sroczynski, Maciej"]
[Black "Samant Aditya S"]
[Result "0-1"]
[Board "117"]
[TimeControl "180+1"]
[WhiteFideId "1121472"]
[BlackFideId "35080580"]
[WhiteElo "2407"]
[BlackElo "2719"]
[WhiteTeam "POL"]
[BlackTeam "IND"]
[WhiteClock "0:00:12"]
[BlackClock "0:00:20"]

1. d4 d6 2. Nf3 g6 3. c4 Bg7 4. Nc3 Nc6 5. d5 Ne5 6. Nd4 Nf6 7. e4 O-O 8. Be2 c5 9. Nc2 e6 10. O-O exd5 11. cxd5 Re8 12. a4 a6 13. f3 b6 14. Bg5 h6 15. Bh4 g5 16. Bf2 Nh5 17. g3 Bh3 18. Re1 Ng6 19. f4 Nf6 20. f5 Ne5 21. Ne3 h5 22. Bxh5 g4 23. Bxf7+ Kxf7 24. Re2 Nf3+ 25. Kh1 Nxe4 26. Nxe4 Rxe4 27. Nc4 Rxe2 28. Qxe2 Be5 29. Nxe5+ dxe5 30. Rd1 Qh8 31. Be3 Qh7 32. d6 Qxf5 33. Bg1 Rd8 34. a5 b5 35. Qe3 Kg6 36. Qxc5 Qe4 37. Qe3 Qxe3 38. Bxe3 Kf5 39. d7 Ke6 40. Bb6 Rxd7 41. Rxd7 Kxd7 42. b4 Kc6 43. Bc5 Kd5 44. Bf8 Kc4 45. Be7 Kd3 0-1

[Event "January 2 Late 2024"]
[Site "https://www.chess.com"]
[Date "2024.01.02"]
[Round "2"]
[White "Makridis, Dimitrios"]
[Black "Petr, Jan"]
[Result "1-0"]
[Board "118"]
[TimeControl "180+1"]
[WhiteFideId "25864475"]
[BlackFideId "345784"]
[WhiteElo "2711"]
[BlackElo "2381"]
[WhiteTeam "GRE"]
[BlackTeam "CZE"]
[WhiteClock "0:01:29"]
[BlackClock "0:00:03"]

1. e4 e5 2. Nf3 Nc6 3. Bc4 Nf6 4. d3 Be7 5. O-O O-O 6. Re1 d6 7. h3 Na5 8. Nbd2 Nxc4 9. Nxc4 h6 10. c3 Be6 11. Ne3 c6 12. Qe2 g6 13. d4 Qc7 14. Nc4 Nxe4 15. Bxh6 Rfe8 16. dxe5 d5 17. Ncd2 Nxd2 18. Qxd2 Bf5 19. Nd4 Be4 20. f3 c5 21. fxe4 cxd4 22. exd5 dxc3 23. bxc3 Bc5+ 24. Kh1 Rxe5 25. c4 Rae8 26. Rxe5 Qxe5 27. Rf1 Qe2 28. Qf4 f5 29. Rb1 b6 30. Qc7 Re7 31. Qb8+ Kh7 32. Bg5 Qe4 33. Rf1 Rf7 34. Qf4 Qc2 35. d6 Rd7 36. Qh4+ Kg7 37. Bf6+ Kf7 38. Be5 Ke6 39. Qf6# 1-0

[Event "January 2 Late 2024"]
[Site "https://www.chess.com"]
[Date "2024.01.02"]
[Round "2"]
[White "Ardila, Oscar Humberto"]
[Black "Hamitevici, Vladimir"]
[Result "1-0"]
[Board "119"]
[TimeControl "180+1"]
[WhiteFideId "4404742"]
[BlackFideId "13902393"]
[WhiteElo "2311"]
[BlackElo "2671"]
[WhiteTeam "COL"]
[BlackTeam "MDA"]
[WhiteClock "0:00:58"]
[BlackClock "0:00:00"]

1. d4 Nf6 2. c4 e6 3. Nc3 d5 4. Bg5 Be7 5. e3 h6 6. Bh4 O-O 7. Nf3 Nbd7 8. Bd3 c5 9. cxd5 exd5 10. O-O a6 11. dxc5 Nxc5 12. Be2 Nce4 13. Rc1 Be6 14. Nd4 Nxc3 15. bxc3 Ne4 16. Bxe7 Qxe7 17. Qb3 Nd2 18. Qb2 Nxf1 19. Bxf1 Rfc8 20. h3 Rc5 21. Bd3 Rac8 22. Bb1 g6 23. Nb3 R5c7 24. Bd3 Qg5 25. Kh1 Qf6 26. Nd4 Bd7 27. Qd2 b5 28. Kg1 b4 29. Qe2 bxc3 30. Bxa6 Rb8 31. Bb5 Bxb5 32. Nxb5 Rc4 33. Nd4 Rb2 34. Qf3 Qxf3 35. gxf3 Rxa2 36. Nb5 c2 37. Nd4 1-0

[Event "January 2 Late 2024"]
[Site "https://www.chess.com"]
[Date "2024.01.02"]
[Round "2"]
[White "Zavgorodniy, Sergiy"]
[Black "Fernandez Hernandez, Gerardo"]
[Result "0-1"]
[Board "120"]
[TimeControl "180+1"]
[WhiteFideId "14110148"]
[BlackFideId "2207400"]
[WhiteElo "2626"]
[BlackElo "2311"]
[WhiteTeam "UKR"]
[BlackTeam "ESP"]
[WhiteClock "0:00:00"]
[BlackClock "0:00:01"]

1. d4 Nf6 2. c4 c5 3. d5 b5 4. cxb5 a6 5. e3 e6 6. Nc3 Bb7 7. e4 exd5 8. e5 Ne4 9. Nxd5 Qa5+ 10. b4 cxb4 11. Bc4 b3+ 12. Kf1 axb5 13. Bxb3 Bc5 14. Nh3 O-O 15. Bf4 Nc6 16. Rc1 Nd4 17. Qg4 Nxb3 18. Nf6+ Nxf6 19. exf6 g6 20. axb3 Qd8 21. Rxc5 Ra1+ 22. Rc1 Rxc1+ 23. Bxc1 Qxf6 24. Ng5 Rc8 25. Qd1 b4 26. h4 Qc6 27. Ke2 Qxg2 28. Rg1 Qc6 29. Be3 Ba6+ 0-1

[Event "January 2 Late 2024"]
[Site "https://www.chess.com"]
[Date "2024.01.02"]
[Round "2"]
[White "Biernacki, Mark"]
[Black "CamillaEffect"]
[Result "0-1"]
[Board "121"]
[TimeControl "180+1"]
[WhiteFideId "2082322"]
[WhiteElo "2304"]
[BlackElo "2624"]
[WhiteTeam "USA"]
[WhiteClock "0:00:16"]
[BlackClock "0:00:12"]

1. e4 e5 2. Nf3 Nc6 3. Bc4 Nf6 4. d3 Be7 5. c3 d6 6. Bg5 O-O 7. a4 h6 8. Bh4 a6 9. Nbd2 Bg4 10. h3 Bh5 11. g4 Bg6 12. Rg1 Nd7 13. Bxe7 Qxe7 14. h4 Nb6 15. Bb3 a5 16. Qe2 Rad8 17. h5 Bh7 18. g5 hxg5 19. Nxg5 d5 20. Qg4 Qf6 21. O-O-O d4 22. Nxh7 Kxh7 23. Rdf1 dxc3 24. bxc3 Rxd3 25. f4 exf4 26. Rxf4 Qxc3+ 27. Bc2 Qxd2+ 28. Kb1 Qb4+ 29. Kc1 Qa3+ 30. Kb1 Rb3+ 31. Bxb3 Qxb3+ 32. Kc1 Qc3+ 33. Kb1 Nc4 34. Rg2 Na3+ 35. Ka2 Nb4# 0-1

[Event "January 2 Late 2024"]
[Site "https://www.chess.com"]
[Date "2024.01.02"]
[Round "2"]
[White "Rodriguez Avila, Alvaro"]
[Black "Antunez Soler, Luis"]
[Result "1-0"]
[Board "122"]
[TimeControl "180+1"]
[WhiteFideId "24570249"]
[BlackFideId "3513335"]
[WhiteElo "2292"]
[BlackElo "2623"]
[WhiteTeam "ESP"]
[BlackTeam "CUB"]
[WhiteClock "0:00:05"]
[BlackClock "0:00:07"]

1. e4 e6 2. d4 d5 3. Nc3 Nf6 4. e5 Nfd7 5. Nce2 c5 6. c3 Nc6 7. Nf3 b5 8. Nf4 Qb6 9. a3 a5 10. Be2 Rb8 11. O-O b4 12. axb4 axb4 13. h4 h6 14. Qc2 cxd4 15. cxd4 Nxd4 16. Nxd4 Qxd4 17. Rd1 Qxe5 18. Nd3 Qf6 19. Bf4 e5 20. Bh2 b3 21. Qc3 Bd6 22. Nc1 d4 23. Qc6 Bb7 24. Qa4 Qg6 25. Bg3 Ra8 26. Qxa8+ Bxa8 27. Rxa8+ Bb8 28. Bb5 Qc2 29. Re1 f6 30. Rxb8+ Ke7 31. Rxh8 Qd2 32. Rf1 Qxb2 33. Bxd7 Kxd7 34. Rb8 Qc2 35. Rxb3 Ke6 36. Rd3 f5 37. Rdd1 f4 38. Bh2 g5 39. Rfe1 Kf5 40. hxg5 hxg5 41. f3 g4 42. Nd3 gxf3 43. gxf3 Qc6 44. Rxe5+ Kf6 45. Re4 Qc2 46. Ree1 Qc6 47. Ne5 Qc2 48. Bxf4 Kf5 49. Bh2 Qc3 50. Nd3 Qc8 51. Nf2 Qg8+ 52. Kf1 Qc4+ 53. Kg2 Qg8+ 54. Bg3 Qc4 55. Re4 Qc2 56. Rdxd4 Kg6 57. Rg4+ Kf5 58. Rdf4+ Ke6 59. Re4+ Kf5 60. Rgf4+ Kg6 61. Re5 Qa2 62. Rd4 Kf6 63. Ree4 Kf5 64. Kh3 Qg8 65. Re5+ Kf6 66. Rg4 Qh7+ 67. Kg2 Qc2 68. Rd5 Qa2 69. Rgd4 Ke6 70. Rd6+ Kf5 71. Rf4+ Kg5 72. Rdf6 Qc2 73. R4f5+ Qxf5 74. Rxf5+ Kxf5 75. f4 Ke6 76. Kf3 Kf7 77. Ke4 1-0

[Event "January 2 Late 2024"]
[Site "https://www.chess.com"]
[Date "2024.01.02"]
[Round "2"]
[White "Curtis, John"]
[Black "Melian, Juan Sebastian"]
[Result "0-1"]
[Board "123"]
[TimeControl "180+1"]
[WhiteFideId "3200256"]
[BlackFideId "3706575"]
[WhiteElo "2221"]
[BlackElo "2598"]
[WhiteTeam "AUS"]
[BlackTeam "PAR"]
[WhiteClock "0:00:00"]
[BlackClock "0:00:13"]

1. d4 g6 2. Nf3 Bg7 3. g3 d6 4. Bg2 Nc6 5. O-O Bd7 6. c4 Qc8 7. Re1 Bh3 8. Bh1 h5 9. Nc3 h4 10. d5 Ne5 11. Nxe5 Bxe5 12. Be3 hxg3 13. hxg3 Nf6 14. Bg5 Qg4 15. Bxf6 Bxf6 16. e3 Qg5 17. Ne4 Qh6 18. Nxf6+ exf6 19. Qf3 f5 20. Bg2 Bg4 21. Qf4 Qh2+ 22. Kf1 O-O-O 23. f3 Bh3 24. Ke2 Qxg2+ 25. Kd3 Qxb2 26. Qd4 Qxd4+ 27. Kxd4 Rde8 28. Rg1 g5 29. a4 g4 30. f4 Re4+ 31. Kd3 Rhe8 32. Rae1 c6 33. Rh1 cxd5 34. cxd5 Kd7 35. Rc1 Rc8 36. Rb1 b6 37. a5 Rb8 38. axb6 axb6 39. Ra1 Rb7 40. Rhc1 b5 41. Rc6 Rc7 42. Raa6 Bf1+ 43. Kd2 Rxc6 44. dxc6+ Kc7 45. Ra7+ Kxc6 46. Rxf7 b4 47. Rxf5 b3 48. Ra5 b2 49. Kc2 Rb4 50. Ra6+ Kb5 51. Ra1 bxa1=Q 52. Kd2 Rb2+ 53. Kc3 Qa3+ 54. Kd4 Qc5+ 55. Ke4 Bg2+ 0-1

[Event "January 2 Late 2024"]
[Site "https://www.chess.com"]
[Date "2024.01.02"]
[Round "2"]
[White "Korchynskyi, Mykola"]
[Black "Souza, Adwilhans Luciano"]
[Result "1-0"]
[Board "124"]
[TimeControl "180+1"]
[WhiteFideId "34138005"]
[BlackFideId "2101793"]
[WhiteElo "2569"]
[BlackElo "2277"]
[WhiteTeam "UKR"]
[BlackTeam "BRA"]
[WhiteClock "0:00:50"]
[BlackClock "0:00:00"]

1. d4 Nf6 2. c4 g6 3. Nc3 d5 4. cxd5 Nxd5 5. e4 Nxc3 6. bxc3 Bg7 7. Nf3 O-O 8. Be3 c5 9. Rc1 cxd4 10. Bxd4 Bh6 11. Rb1 Nc6 12. Be2 Nxd4 13. Nxd4 b6 14. O-O Bb7 15. Bf3 Qc7 16. Qb3 Rfc8 17. Ne2 Ba6 18. Qa3 Bxe2 19. Bxe2 Qxc3 20. Qxe7 Re8 21. Qb7 Qc8 22. Qd5 Qc7 23. Bf3 Rad8 24. Qb3 Re5 25. g3 Rc5 26. Bg2 Rd2 27. Rbd1 Rcc2 28. Rxd2 Rxd2 29. Qa4 Qd7 30. Qa6 Bg7 31. h4 Bd4 32. h5 gxh5 33. Qc4 Bc5 34. Qc3 Rxa2 35. Qf3 Qg4 36. Qb3 Ra3 37. Qd5 Rxg3 38. e5 h4 39. Kh1 Rc3 40. Rg1 Kh8 41. Qd8+ Qg8 42. Qxh4 1-0

[Event "January 2 Late 2024"]
[Site "https://www.chess.com"]
[Date "2024.01.02"]
[Round "2"]
[White "Ottosen, David"]
[Black "Roberson, Peter T"]
[Result "0-1"]
[Board "125"]
[TimeControl "180+1"]
[WhiteFideId "2603080"]
[BlackFideId "412384"]
[WhiteElo "2131"]
[BlackElo "2560"]
[WhiteTeam "CAN"]
[BlackTeam "ENG"]
[WhiteClock "0:01:44"]
[BlackClock "0:01:13"]

1. e4 c5 2. Nf3 d6 3. d4 cxd4 4. Nxd4 Nf6 5. Nc3 Bd7 6. Be3 Ng4 7. Bg5 h6 8. Bh4 g5 9. Bg3 Bg7 10. Be2 Ne5 11. Nf5 Bxf5 12. exf5 Nbc6 13. O-O O-O 14. Nd5 e6 15. fxe6 fxe6 16. Ne3 d5 17. Ng4 Nxg4 18. Bxg4 Qf6 19. Re1 Qxb2 20. Bxe6+ Kh8 21. Rb1 Qxa2 22. Rxb7 Rae8 23. Rc7 Nb4 24. Rxg7 Kxg7 25. Qd4+ Rf6 26. Be5 Rxe6 27. Bxf6+ Rxf6 28. Qxb4 Qxc2 29. Qe7+ Rf7 30. Qe5+ Kg6 31. f3 Qf5 32. Kf2 Qxe5 33. Rxe5 Rf5 34. Re7 Rf7 35. Re5 Rd7 36. Ke3 a5 37. Kd4 a4 38. Re6+ Kf5 39. Ra6 Rb7 40. Rxa4 Rb2 41. h4 gxh4 42. Kxd5 Rd2+ 43. Rd4 Rxd4+ 44. Kxd4 Kf4 45. Kd3 Kg3 46. Ke4 Kxg2 47. f4 h3 48. f5 h2 49. f6 h1=Q 50. f7 Qf1 0-1